 Dungeon Crawl Stone Soup version 0.31-a0-424-g41b3b0883d (webtiles) character file.

Game seed: 18319743899179821026

6811 Grim the Destroyer (level 10, -2/67 HPs)
             Began as a Deep Elf Conjurer on July 30, 2023.
             Was a Priest of Vehumet.
             Slain by a cane toad (20 damage)
             ... on level 1 of the Lair of Beasts.
             The game lasted 00:35:33 (17756 turns).

Grim the Destroyer (Deep Elf Conjurer)             Turns: 17756, Time: 00:35:34

Health: -2/67      AC:  7    Str:  6    XL:     10   Next: 77%
Magic:  15/21      EV: 12    Int: 26    God:    Vehumet [***...]
Gold:   503        SH:  0    Dex: 16    Spells: 10/22 levels left

rFire   . . .        D - +4 quarterstaff (chaos)
rCold   + + .        (shield currently unavailable)
rNeg    . . .        K - +2 robe {rC+}
rPois   .            (no helmet)
rElec   .            I - +1 cloak "Isir" {rC+ Dex+3}
rCorr   .            (no gloves)
SInv    +            H - +0 pair of boots
Will    +....        d - amulet of the acrobat
Stlth   ++           n - ring of see invisible
HPRegen 0.31/turn    (no ring)
MPRegen 0.17/turn

%: acrobat
@: no status effects
A: robust 1, no potion heal 1
a: Renounce Religion


You were on level 1 of the Lair of Beasts.
You worshipped Vehumet.
Vehumet was most pleased with you.
You visited 3 branches of the dungeon, and saw 11 of its levels.
You also visited: Sewer.

You collected 503 gold pieces.

Inventory:

Hand Weapons
 w - a +0 falchion
 D - a +4 quarterstaff of chaos (weapon)
 G - a +3 scimitar
Armour
 a - a +0 robe
 C - a +2 cloak
 H - a +0 pair of boots (worn)
 I - the +1 cloak "Isir" (worn) {rC+ Dex+3}
   (You found it on level 8 of the Dungeon)

   Dex:       It affects your dexterity (+3).
   rC:        It protects you from cold.
 K - a +2 robe of cold resistance (worn)
Magical Staves
 L - a staff of cold
Jewellery
 d - an amulet of the acrobat (around neck)
 n - a ring of see invisible (left hand)
 o - an amulet of regeneration
Wands
 q - a wand of mindburst (9)
 B - a wand of paralysis (15)
 J - a wand of acid (15)
 N - a wand of flame (10)
Scrolls
 c - a scroll of fear {unknown}
 e - 2 scrolls of fog {unknown}
 i - 2 scrolls of torment {unknown}
 l - 3 scrolls of teleportation
 m - 4 scrolls of revelation
 p - 5 scrolls of poison
 r - 3 scrolls of enchant armour {unknown}
 t - a scroll of amnesia {unknown}
 v - 2 scrolls of silence {unknown}
 y - 2 scrolls of blinking {unknown}
 F - a scroll of noise {unknown}
 M - 2 scrolls of identify
Potions
 b - 2 potions of magic
 f - 15 potions of curing
 g - a potion of resistance {unknown}
 h - a potion of berserk rage {unknown}
 j - a potion of haste {unknown}
 k - a potion of experience {unknown}
 s - a potion of brilliance {unknown}
 u - a potion of attraction {unknown}
 x - 2 potions of might
 z - a potion of invisibility {unknown}
 A - 2 potions of enlightenment
 E - a potion of heal wounds


   Skills:
 - Level 6.6 Fighting
 - Level 2.2 Long Blades
 - Level 2.4 Dodging
 - Level 2.4 Stealth
 + Level 2.3 Unarmed Combat
 * Level 6.6 Spellcasting
 + Level 12.5 Conjurations
 - Level 6.0 Hexes
 - Level 4.0 Air Magic
 - Level 4.1 Poison Magic


You had 10 spell levels left.
You knew the following spells:

 Your Spells              Type           Power      Damage    Failure   Level
a - Magic Dart            Conj           100%       1d8       1%          1
b - Searing Ray           Conj           100%       2d8       1%          2
c - Dazzling Flash        Conj/Hex       100%       N/A       1%          3
d - Mephitic Cloud        Conj/Pois/Air  44%        N/A       1%          3
e - Tukima's Dance        Hex            39%        N/A       1%          3

Your spell library contained the following spells:

 Spells                   Type           Power      Damage    Failure   Level
 Stone Arrow              Conj/Erth      82%        3d12      1%          3
 Poisonous Vapours        Pois/Air       58%        N/A       1%          2
 Static Discharge         Conj/Air       100%       2-7/arc   1%          2
 Fulminant Prism          Conj/Hex       27%        3d14      1%          4
 Iskenderun's Mystic Bla  Conj/Tloc      41%        2d9       1%          4
 Airstrike                Air            14%        2d(3-19)  3%          4
 Freezing Cloud           Conj/Ice/Air   18%        6-21      5%          5
 Portal Projectile        Hex/Tloc       48%        N/A       6%          3
 Apportation              Tloc           16%        N/A       7%          1
 Necrotise                Necr           32%        1d5       7%          1
 Summon Small Mammal      Summ           32%        N/A       7%          1
 Summon Lightning Spire   Summ/Air       19%        N/A       28%         4


Dungeon Overview and Level Annotations

Branches:
Dungeon (9/15)             Temple (1/1) D:4            Lair (1/5) D:8
  Sewer (visited)
    Orc: D:9-12

Altars:
Ashenzari
Dithmenos
Elyvilon
Fedhas
Gozag
Hepliaklqana
Kikubaaqudgha
Nemelex Xobeh
Qazlal
Sif Muna
Trog
Uskayaw
Vehumet
Wu Jian
Xom
Yredelemnul
Zin
The Shining One

Shops:
D:5 (   D:6 !

Annotations:
D:2 Robin
D:4 2 transporters


Innate Abilities, Weirdness & Mutations

You are robust. (+10% HP)
Potions are less effective at restoring your health.


Message History

Aim: a cane toad (85% to hit)
The searing ray hits the cane toad.
The cane toad is lightly wounded. (Press . to maintain the ray.)
You feel very sick. The cane toad closely misses you.
The searing ray hits the cane toad!
The cane toad is moderately wounded.
You feel very sick. The cane toad closely misses you.
The searing ray hits the cane toad.
The cane toad is heavily wounded.
You feel sick. The cane toad stings you!
* * * LOW HITPOINT WARNING * * *
The searing ray hits the cane toad!
The cane toad is severely wounded.
You finish channelling your searing ray.
You feel sick. The cane toad completely misses you.
Casting: Searing Ray (safe; 1% risk of failure)
Confirm with . or Enter, or press ? or * to list all spells.
Aiming: Searing Ray (safe; 1% risk of failure)
Press: ? - help, Shift-Dir - straight line, f/p - cane toad
Aim: a cane toad (severely wounded, 85% to hit)
The searing ray hits the cane toad!
The cane toad is almost dead. (Press . to maintain the ray.)
You feel sick. The cane toad stings you!
* * * LOW HITPOINT WARNING * * *
You are more poisoned.
The cane toad poisons you!
The cane toad stings you but does no damage.
Your system partially rejects the healing.
You feel better.
The cane toad stings you but does no damage.
Casting: Searing Ray (safe; 1% risk of failure)
Confirm with . or Enter, or press ? or * to list all spells.
Okay, then.
Your system partially rejects the healing.
You feel much better. The cane toad stings you!!
You die...

.##..#####..##..#
.###.......###..# ##
....(#.###รท# .... ..
............##..## #. #
.###...........#. #. .#.
.###.#####..#...##.#.P.#
>....................>..
.#.########.#...#F...#
.### #....@# .## ##...##
..# #...## .#######
#...^#
.......######...##
##.###..........# ###
##P.###....# ####
#.#...... #....####


You could see a cane toad.

Vanquished Creatures
  Fannar (Lair:1)
  Sonja (Lair:1)
  A cane toad (Lair:1)
  3 yaks (D:9)
  A wyvern (D:8)
  2 steam dragons
  An acid dragon (D:8)
  3 water moccasins
  4 orc warriors
  2 sky beasts (D:7)
  4 ice beasts
  A black bear (D:5)
  2 ogres
  3 centaurs
  3 phantoms
  A kobold brigand (D:7)
  5 bullfrogs
  3 scorpions
  5 wights (D:7)
  3 howler monkeys
  3 jellies
  4 hounds
  Crazy Yiuf (D:5)
  5 orc priests
  3 sleepcaps
  Terence (D:2)
  8 iguanas
  8 orc wizards
  5 hell rats
  8 gnolls
  11 adders
  5 river rats
  3 white imps
  An ufetubus (D:4)
  A worm (D:4)
  4 dart slugs
  42 orcs
  A bat zombie (D:5)
  6 endoplasms
  7 giant cockroaches
  9 hobgoblins
  5 jackals (D:1)
  9 quokkas
  12 ball pythons
  6 bats
  8 frilled lizards
  13 goblins
  10 kobolds
  18 rats
  A rat zombie (D:5)
267 creatures vanquished.

Vanquished Creatures (collateral kills)
  2 orc wizards (D:6)
  5 orcs
  A quokka (D:5)
8 creatures vanquished.

Vanquished Creatures (others)
  7 dancing weapons
  An orc zombie (D:7)
8 creatures vanquished.

Grand Total: 283 creatures vanquished

Notes
Turn   | Place    | Note
-------+----------+-------------------------------------------
     0 | D:1      | Grim the Deep Elf Conjurer began the quest for the Orb.
     0 | D:1      | Reached XP level 1. HP: 10/10 MP: 6/6
   326 | D:1      | Reached XP level 2. HP: 15/15 MP: 5/8
   364 | D:1      | Learned a level 2 spell: Searing Ray
   372 | D:1      | Reached skill level 5 in Conjurations
  1438 | D:2      | Found a faded altar of an unknown god.
  1445 | D:2      | Reached XP level 3. HP: 19/19 MP: 3/9
  1517 | D:2      | Noticed Terence
  1525 | D:2      | Killed Terence
  1526 | D:2      | Reached skill level 6 in Conjurations
  1651 | D:2      | Reached XP level 4. HP: 24/24 MP: 6/10
  2522 | D:2      | Found a sparkling altar of Nemelex Xobeh.
  2559 | D:2      | Noticed Robin
  3406 | D:3      | Learned a level 3 spell: Dazzling Flash
  3453 | D:3      | You fall into a shaft and drop 3 floors!
  3458 | D:6      | Noticed a bullfrog
  3463 | D:6      | Killed a bullfrog
  3464 | D:6      | Reached skill level 7 in Conjurations
  3464 | D:6      | Reached XP level 5. HP: 20/28 MP: 4/11
  3636 | D:5      | Entered Level 5 of the Dungeon
  3743 | D:4      | Found a staircase to the Ecumenical Temple.
  3782 | D:4      | Found a glowing drain.
  3794 | Sewer    | Entered a sewer
  3888 | Sewer    | Reached XP level 6. HP: 25/32 MP: 4/12
  4802 | D:4      | Learned a level 3 spell: Mephitic Cloud
  4840 | Temple   | Entered the Ecumenical Temple
  5124 | Temple   | Became a worshipper of Vehumet
  6653 | D:4      | Identified the +4 chain mail of the Stonemason {Str+2}
  6692 | D:4      | Found a transporter.
  6699 | D:4      | Noticed a steam dragon
  6700 | D:4      | Found a transporter.
  6708 | D:4      | Noticed a steam dragon
  6712 | D:4      | Found a stormy altar of Qazlal.
  6826 | D:4      | Reached skill level 1 in Air Magic
  6907 | D:4      | Reached skill level 8 in Conjurations
  7377 | D:4      | Reached XP level 7. HP: 29/36 MP: 13/13
  7836 | D:3      | Reached * piety under Vehumet
  7836 | D:3      | Offered knowledge of Sandblast by Vehumet.
  8390 | D:3      | Learned a level 3 spell: Tukima's Dance
  8636 | D:5      | Reached skill level 5 in Hexes
  8710 | D:5      | Reached skill level 1 in Long Blades
  8886 | D:5      | Reached skill level 9 in Conjurations
  9247 | D:5      | Found a shadowy altar of Dithmenos.
  9317 | D:5      | Reached XP level 8. HP: 41/41 MP: 0/14
  9612 | D:5      | Reached skill level 1 in Poison Magic
 10058 | D:5      | Found Zouphef's Antique Weapon Shoppe.
 10124 | D:5      | Found a sparkling altar of Nemelex Xobeh.
 10275 | D:5      | Found an ancient bone altar of Kikubaaqudgha.
 10446 | D:5      | Found a runed translucent door.
 10447 | D:5      | Noticed Crazy Yiuf
 10708 | D:5      | Killed Crazy Yiuf
 11216 | D:6      | Reached skill level 10 in Conjurations
 11315 | D:6      | Found Uwouxivyer's Distillery.
 11859 | D:6      | Reached ** piety under Vehumet
 12078 | D:6      | Found an opulent altar of Gozag.
 12128 | D:6      | Reached XP level 9. HP: 45/45 MP: 7/15
 12570 | D:6      | Gained mutation: You have large cloven feet. [potion of
                  | mutation]
 12570 | D:6      | Gained mutation: You have a pair of small antennae on your
                  | head. [potion of mutation]
 12571 | D:6      | Lost mutation: You have a pair of small antennae on your
                  | head. [potion of mutation]
 12571 | D:6      | Lost mutation: You have large cloven feet. [potion of
                  | mutation]
 12571 | D:6      | Gained mutation: You are partially covered in large bone
                  | plates. (SH +4) [potion of mutation]
 12572 | D:6      | Lost mutation: You are partially covered in large bone
                  | plates. (SH +4) [potion of mutation]
 12572 | D:6      | Gained mutation: Your flesh is heat resistant. (rF+)
                  | [potion of mutation]
 12572 | D:6      | Lost mutation: Your flesh is heat resistant. (rF+) [potion
                  | of mutation]
 12573 | D:6      | Gained mutation: Potions are less effective at restoring
                  | your health. [potion of mutation]
 12573 | D:6      | Gained mutation: You are robust. (+10% HP) [potion of
                  | mutation]
 12631 | D:7      | Reached skill level 1 in Fighting
 12890 | D:7      | Found a hide-covered altar of Uskayaw.
 12910 | D:7      | Offered knowledge of Static Discharge by Vehumet.
 13815 | D:7      | Found a basalt altar of Yredelemnul.
 13828 | D:7      | Found a bloodstained altar of Trog.
 14134 | D:7      | Reached skill level 11 in Conjurations
 14948 | D:8      | Reached skill level 5 in Fighting
 15145 | D:8      | Identified the +1 cloak "Isir" {rC+ Dex+3}
 15150 | D:8      | Found a staircase to the Lair.
 15184 | D:8      | Offered knowledge of Frozen Ramparts by Vehumet.
 15188 | D:8      | Reached XP level 10. HP: 49/64 MP: 7/16
 15330 | D:8      | Found a glowing golden altar of the Shining One.
 15375 | D:8      | Found a broken altar of Ashenzari.
 15734 | D:9      | Found an ornate altar of the Wu Jian Council.
 15734 | D:9      | Found a blossoming altar of Fedhas.
 15735 | D:9      | Found a white marble altar of Elyvilon.
 15751 | D:9      | Reached *** piety under Vehumet
 16132 | D:9      | Reached skill level 12 in Conjurations
 16541 | Lair:1   | Entered Level 1 of the Lair of Beasts
 16544 | Lair:1   | Noticed Sonja
 16544 | Lair:1   | Noticed Fannar
 16784 | Lair:1   | Killed Sonja
 16785 | Lair:1   | Reached skill level 1 in Unarmed Combat
 17252 | Lair:1   | Noticed a cane toad
 17260 | Lair:1   | Killed a cane toad
 17260 | Lair:1   | Offered knowledge of Stone Arrow by Vehumet.
 17261 | Lair:1   | Reached skill level 5 in Spellcasting
 17269 | Lair:1   | Killed Fannar
 17746 | Lair:1   | Noticed a cane toad
 17754 | Lair:1   | HP: 2/67 [cane toad (13)]
 17756 | Lair:1   | Slain by a cane toad

Illustrated notes

Levels and vault maps discovered:
D:1:      minmay_arrival_loop, layout_basic, minmay_pentomino_o4
D:2:      layout_loops_ring, dreamdust_ecumenical_altar_grove, basic_altar,
          st_stairs_2, uniq_terence, uniq_robin
D:3:      layout_rooms, minmay_misc_feat_plants, nicolae_figureground_sparkle
D:4:      layout_gridville, gammafunk_temple_overflow_arena,
          minmay_temple_entry_glass, gup_sewer_entry_pipe,
          kennysheep_generic_room_13
D:5:      minmay_opposing_rooms, layout_cave_pools,
          lemuel_zombie_altar_kikubaaqudgha, nicolae_dithmenos_shadow_blocks,
          nemelex_xobeh_ov_fountains_minmay, serial_shops, shop,
          uniq_crazy_yiuf_cottage
D:6:      layout_basic, mainiacjoe_overflow_paths, serial_shops, shop,
          hellmonk_bongcloud_opening
D:7:      layout_loops_ring, amcnicky_altar_gilded,
          nicolae_overflow_hidden_temple, serial_aquarium,
          aquarium_bridge_straight [aquarium_subvault_bridge,
          aquarium_subvault_window, aquarium_subvault_bridge,
          aquarium_subvault_window], aquarium_window_1, aquarium_window_2,
          aquarium_view_2b, aquarium_balcony_5b, aquarium_pool_1,
          hangedman_decor_points, minmay_ruined_shrine, uniq_joseph
D:8:      layout_rooms, nicolae_tso_carved_into_rock,
          mainiacjoe_overflow_cross_hatched, kennysheep_generic_room_5
D:9:      layout_roguey, grunt_temple_overflow_open, erik_orc_1
Temple:   nicolae_temple_superstar
Lair:1:   layout_loops_ring, kennysheep_abandoned_house, uniq_erica, uniq_sonja,
          uniq_fannar

Skill      XL: |  1  2  3  4  5  6  7  8  9 10 |
---------------+-------------------------------+-----
Conjurations   | 5 6 7 8 9 10 11 12 | 12.5
Hexes          | 2 3 4 5 6 |  6.0
Air Magic      | 1 3 4 |  4.0
Long Blades    | 2 |  2.2
Poison Magic   | 4 |  4.1
Fighting       | 5 6 |  6.6
Unarmed Combat | 2 |  2.3
Spellcasting   | 6 |  6.6
Dodging        | |  2.4
Stealth        | |  2.4

Action                     |  1- 3 |  4- 6 |  7- 9 | 10-12 || total
---------------------------+-------+-------+-------+-------++-------
  Melee: Short sword       |       |    24 |       |       ||    24
         Falchion          |       |    11 |    29 |       ||    40
         Quarterstaff      |       |       |    62 |    48 ||   110
   Cast: Magic Dart        |    50 |   111 |   149 |    16 ||   326
         Searing Ray       |     2 |    19 |    51 |    21 ||    93
         Mephitic Cloud    |       |     1 |     6 |     3 ||    10
         Tukima's Dance    |       |       |    31 |    10 ||    41
         Dazzling Flash    |       |       |     4 |       ||     4
    Use: Potion            |       |     1 |     4 |     7 ||    12
         Scroll            |       |       |     8 |     2 ||    10
   Stab: Sleeping          |       |     4 |     1 |       ||     5
         Paralysed         |       |       |       |     1 ||     1
 Armour: Robe              |     1 |    11 |    40 |    12 ||    64
  Dodge: Dodged            |     9 |    80 |   146 |    83 ||   318

Table legend: (Time is in decaauts)
 A = Elapsed time spent in this place.
 B = Non-inter-level travel time spent in this place.
 C = Inter-level travel time spent in this place.
 D = Time resting spent in this place.
 E = Time spent auto-exploring this place.
 F = Levels seen in this place.
 G = Mean time per level.
                   A        B        C        D        E       F      G
               +--------+--------+--------+--------+--------+-----+--------+
         Total |  17861 |  17532 |    329 |   9638 |   6045 |  12 | 1488.4 |
       Dungeon |  14796 |  14481 |    315 |   7341 |   5568 |   9 | 1644.0 |
        Temple |   1697 |   1684 |     13 |   1659 |      0 |   1 | 1697.0 |
          Lair |    343 |    343 |      0 |    131 |     99 |   1 |  343.0 |
         Sewer |   1024 |   1024 |      0 |    507 |    378 |   1 | 1024.0 |
               +--------+--------+--------+--------+--------+-----+--------+

Top non-repeatable levels by time:
     D:6: 2300 daAuts
     D:5: 2184 daAuts
     D:7: 1968 daAuts
     D:2: 1936 daAuts
     D:8: 1862 daAuts
  Temple: 1697 daAuts
     D:1: 1413 daAuts
     D:4: 1273 daAuts
     D:3: 1178 daAuts
   Sewer: 1024 daAuts
     D:9: 678 daAuts
  Lair:1: 343 daAuts
